 Dungeon Crawl Stone Soup version 0.29.1-1-gd02db6906a (webtiles) character file.

Game seed: 15889920240663922384

6934 vvl the Blocker (level 11, -3/89 HPs)
             Began as a Gnoll Fighter on Oct 5, 2022.
             Was an Elder of Zin.
             Slain by a hornet simulacrum (15 damage)
             ... on level 9 of the Dungeon.
             The game lasted 00:17:03 (10075 turns).

vvl the Blocker (Gnoll Fighter)                    Turns: 10075, Time: 00:17:04

Health: -3/89      AC:  9    Str: 17    XL:     11   Next: 7%
Magic:  20/20      EV: 13    Int: 11    God:    Zin [****..]
Gold:   202        SH: 11    Dex: 14    Spells: 22/22 levels left

rFire   . . .      SeeInvis .   w - +10 war axe of the Firefly {flame, Will+ Dex+3}
rCold   . . .      Faith    .   c - +0 buckler
rNeg    . . .      Spirit   .   f - +0 ring mail
rPois   .          Reflect  +   G - +1 hat
rElec   .          Harm     .   (no cloak)
rCorr   .          Rampage  .   r - +0 pair of gloves
Will    +....                   (no boots)
Stlth   +++.......              x - amulet of reflection
HPRegen 0.24/turn               F - ring of flight
MPRegen 0.17/turn               (no ring)

@: lethally poisoned (-3 -> -9), flying
A: fangs 1, strong nose, distributed training
a: Renounce Religion, Recite, Vitalisation, Imprison, Donate Gold


You were on level 9 of the Dungeon.
You worshipped Zin.
Zin was greatly pleased with you.
You visited 2 branches of the dungeon, and saw 10 of its levels.
You also visited: Ossuary.

You collected 418 gold pieces.
You spent 175 gold pieces at shops.
You donated 41 gold pieces to Zin.

Inventory:

Hand Weapons
 w - the +10 war axe of the Firefly (weapon) {flame, Will+ Dex+3}
   (You acquired it in an ossuary)

   It burns those it strikes, dealing additional fire damage.
   Big, fiery blades are also staple armaments of hydra-hunters.
   Dex:       It affects your dexterity (+3).
   Will:      It increases your willpower.
Armour
 c - a +0 buckler (worn)
 f - a +0 ring mail (worn)
 r - a +0 pair of gloves (worn)
 G - a +1 hat (worn)
Jewellery
 a - an amulet of magic regeneration
 x - an amulet of reflection (around neck)
 F - a ring of flight (left hand)
Wands
 b - a wand of roots (6)
 q - a wand of flame (25)
 s - a wand of quicksilver (4)
 t - a wand of charming (6)
 y - a wand of mindburst (9)
Scrolls
 d - a scroll of fear
 e - 9 scrolls of teleportation
 g - 3 scrolls of magic mapping {unknown}
 l - a scroll of poison {unknown}
 p - 2 scrolls of enchant weapon
 z - 3 scrolls of blinking
 A - 4 scrolls of amnesia
 B - a scroll of summoning
 E - a scroll of enchant armour
Potions
 h - 2 potions of heal wounds
 i - 2 potions of ambrosia
 j - 2 potions of attraction
 k - 3 potions of curing {unknown}
 m - a potion of berserk rage {unknown}
 n - 2 potions of mutation {unknown}
 o - 3 potions of flight {unknown}
 u - 2 potions of haste {unknown}
 v - a potion of brilliance {unknown}
 C - 2 potions of magic {unknown}
 D - 2 potions of might
 H - a potion of lignification {unknown}


   Skills:
 + Level 9.1 Fighting
 + Level 6.1 Short Blades
 + Level 6.1 Long Blades
 + Level 7.7 Axes
 + Level 6.1 Maces & Flails
 + Level 6.1 Polearms
 + Level 6.1 Staves
 + Level 6.1 Ranged Weapons
 + Level 6.1 Throwing
 + Level 9.1 Armour
 + Level 6.1 Dodging
 + Level 6.1 Stealth
 + Level 9.1 Shields
 + Level 6.1 Unarmed Combat
 + Level 6.1 Spellcasting
 + Level 5.1 Conjurations
 + Level 5.1 Hexes
 + Level 5.1 Summonings
 + Level 5.1 Necromancy
 + Level 5.1 Translocations
 + Level 5.1 Transmutations
 + Level 5.1 Fire Magic
 + Level 5.1 Ice Magic
 + Level 5.1 Air Magic
 + Level 5.1 Earth Magic
 + Level 5.1 Poison Magic
 + Level 6.7 Invocations
 + Level 6.1 Evocations


You had 22 spell levels left.
You didn't know any spells.
Your spell library contained the following spells:

 Spells                   Type           Power      Damage    Failure   Level
 Freeze                   Ice            56%        1d7       4%          1
 Magic Dart               Conj           56%        1d5       4%          1
 Sandblast                Erth           28%        2d8       4%          1
 Passwall                 Tmut/Erth      11%        N/A       8%          2
 Searing Ray              Conj           28%        2d5       8%          2
 Static Discharge         Conj/Air       14%        3-5/arc   8%          2
 Frozen Ramparts          Ice            28%        1d5       14%         3
 Stone Arrow              Conj/Erth      28%        3d8       14%         3
 Dispel Undead            Necr           14%        3d10      43%         4
 Fulminant Prism          Conj/Hex       7%         3d7       43%         4
 Hailstorm                Conj/Ice       14%        3d5       43%         4
 Sticky Flame             Conj/Fire      14%        2d4       43%         4


Dungeon Overview and Level Annotations

Branches:
Dungeon (9/15)             Temple (1/1) D:5            Lair (0/5) D:8
Ossuary (visited)
    Orc: D:9-12

Altars:
Ashenzari
Cheibriados
Dithmenos
Elyvilon
Fedhas
Gozag
Hepliaklqana
Kikubaaqudgha
Makhleb
Nemelex Xobeh
Ru
Sif Muna
Trog
Uskayaw
Vehumet
Wu Jian
Xom
Yredelemnul
Zin
The Shining One

Shops:
D:1 !   D:6 ?

Annotations:
D:3 2 transporters, 1garret322's ghost, amateur DEAE


Innate Abilities, Weirdness & Mutations

You have very sharp teeth.
Your uncanny sense of smell can sniff out nearby items.
Your experience applies equally to all skills.


Message History

The unseen horror simulacrum hits you but does no damage.
The killer bee stings you. The unseen horror simulacrum hits you.
The unseen horror simulacrum freezes you!
You block the wolf's attack. The killer bee stings you.
You are more poisoned.
The killer bee poisons you! The ice beast hits you. The ice beast freezes you.
You block the unseen horror simulacrum's attack.
The hornet simulacrum closely misses you.
You hit the ice beast.
You melt the ice beast.
The ice beast is almost dead.
You hit the wolf. You burn the wolf. You hit the hornet simulacrum.
You melt the hornet simulacrum.
You hit the unseen horror simulacrum.
You melt the unseen horror simulacrum.
You closely miss the killer bee.
You feel very sick.
The unseen horror simulacrum completely misses you.
The killer bee stings you but does no damage.
The wolf bites you but does no damage.
The unseen horror simulacrum hits you but does no damage.
The killer bee barely misses you. The wolf bites you but does no damage.
You block the hornet simulacrum's attack.
The unseen horror simulacrum closely misses you.
The ice beast hits you. The ice beast freezes you!
You are too injured to fight recklessly!
Unknown command.
You are too injured to fight recklessly!
Unknown command.
You are too injured to fight recklessly!
You are too injured to fight recklessly!
Unknown command.
You are too injured to fight recklessly!
You feel sick. The unseen horror simulacrum hits you.
The unseen horror simulacrum freezes you!!
* * * LOW HITPOINT WARNING * * *
The killer bee stings you but does no damage.
The wolf misses you.
You block the unseen horror simulacrum's attack.
The hornet simulacrum hits you.
* * * LOW HITPOINT WARNING * * *
The hornet simulacrum freezes you!
You die...

##########
...#.....##
..........##
..........>#
...........#
...........#
........Zh.#
......(Yy@.#
......(.YZ##
.........##
###.##.### #
#. ##


You could see 2 ice beasts, a wolf, a killer bee, a hornet simulacrum and an
unseen horror simulacrum.

Vanquished Creatures
  A cyclops (D:7)
  A troll (D:7)
  Prince Ribbit (D:8)
  Grinder (D:4)
  2 steam dragons
  9 yaks (D:8)
  Duvessa (D:4)
  2 water moccasins
  2 ice beasts
  2 sky beasts (D:7)
  2 orc warriors
  2 ogres
  3 centaurs
  3 wolves (D:8)
  2 phantoms
  4 kobold brigands
  A gnoll sergeant (D:7)
  4 bullfrogs
  3 necrophages (D:7)
  4 scorpions
  Dowan (D:4)
  5 killer bees (D:8)
  2 howler monkeys (D:7)
  2 electric eels (D:8)
  7 jellies
  4 orc priests
  10 hounds
  2 iguanas
  Natasha (thrice) (D:3)
  6 orc wizards
  14 mummies
  6 gnolls
  8 adders
  A shadow imp (D:6)
  2 white imps
  An ufetubus (D:9)
  A worm (D:3)
  3 dart slugs
  28 orcs
  4 bats
  4 endoplasms (D:1)
  4 giant cockroaches
  6 goblins
  5 hobgoblins
  3 jackals (D:1)
  4 quokkas
  6 ball pythons
  4 frilled lizards
  A gnoll skeleton (Ossuary)
  4 goblin skeletons (Ossuary)
  13 kobolds
  A kobold skeleton (Ossuary)
  2 orc skeletons (Ossuary)
  7 rats
  11 rat skeletons (Ossuary)
235 creatures vanquished.

Vanquished Creatures (others)
  2 plants (D:4)
2 creatures vanquished.

Grand Total: 237 creatures vanquished

Notes
Turn   | Place    | Note
-------+----------+-------------------------------------------
     0 | D:1      | vvl the Gnoll Fighter began the quest for the Orb.
     0 | D:1      | Reached XP level 1. HP: 23/23 MP: 1/1
    33 | D:1      | Reached XP level 2. HP: 23/29 MP: 2/2
   403 | D:1      | Reached XP level 3. HP: 30/35 MP: 3/3
   651 | D:1      | Found Aceullaaca's Distillery.
   808 | D:1      | Reached skill level 1 in Invocations
  1016 | D:2      | Reached skill level 1 in Short Blades
  1016 | D:2      | Reached skill level 1 in Long Blades
  1016 | D:2      | Reached skill level 1 in Maces & Flails
  1016 | D:2      | Reached skill level 1 in Polearms
  1016 | D:2      | Reached skill level 1 in Staves
  1016 | D:2      | Reached skill level 1 in Ranged Weapons
  1016 | D:2      | Reached skill level 1 in Throwing
  1016 | D:2      | Reached skill level 1 in Dodging
  1016 | D:2      | Reached skill level 1 in Stealth
  1016 | D:2      | Reached skill level 1 in Unarmed Combat
  1016 | D:2      | Reached skill level 1 in Spellcasting
  1016 | D:2      | Reached skill level 1 in Evocations
  1266 | D:2      | You fall into a shaft and drop 1 floor!
  1294 | D:3      | Reached XP level 4. HP: 31/41 MP: 5/5
  1319 | D:3      | Reached skill level 1 in Conjurations
  1319 | D:3      | Reached skill level 1 in Hexes
  1319 | D:3      | Reached skill level 1 in Summonings
  1319 | D:3      | Reached skill level 1 in Necromancy
  1319 | D:3      | Reached skill level 1 in Translocations
  1319 | D:3      | Reached skill level 1 in Transmutations
  1319 | D:3      | Reached skill level 1 in Fire Magic
  1319 | D:3      | Reached skill level 1 in Ice Magic
  1319 | D:3      | Reached skill level 1 in Air Magic
  1319 | D:3      | Reached skill level 1 in Earth Magic
  1319 | D:3      | Reached skill level 1 in Poison Magic
  1579 | D:3      | Noticed 1garret322's ghost (amateur DEAE)
  1585 | D:3      | Found a transporter.
  1619 | D:3      | Found a transporter.
  1652 | D:3      | Noticed Natasha
  1667 | D:3      | Killed Natasha
  1668 | D:3      | Reached XP level 5. HP: 37/47 MP: 5/7
  2118 | D:3      | Noticed Natasha
  2130 | D:3      | Killed Natasha
  2131 | D:3      | Reached XP level 6. HP: 9/53 MP: 8/8
  2162 | D:3      | Noticed Natasha
  2177 | D:3      | Killed Natasha
  2178 | D:3      | Reached skill level 5 in Axes
  2682 | D:4      | Noticed Duvessa
  2685 | D:4      | Noticed Dowan
  2694 | D:4      | Killed Duvessa
  2700 | D:4      | Killed Dowan
  3176 | D:4      | Reached XP level 7. HP: 35/60 MP: 10/10
  3387 | D:4      | Noticed Grinder
  3395 | D:4      | Paralysed by Grinder for 2 turns
  3399 | D:4      | Killed Grinder
  3986 | D:4      | Reached XP level 8. HP: 67/67 MP: 12/12
  4359 | D:5      | Entered Level 5 of the Dungeon
  4498 | D:5      | Found a staircase to the Ecumenical Temple.
  4823 | D:5      | Identified the +6 scimitar of Death {vamp, rPois rC+ Int+2
                  | Dex+2}
  5026 | D:5      | Found an opulent altar of Gozag.
  5119 | Temple   | Entered the Ecumenical Temple
  5402 | Temple   | Became a worshipper of Zin the Law-Giver
  5402 | Temple   | Reached * piety under Zin
  5444 | D:6      | Found Veul's Magic Scroll Shoppe.
  5449 | D:6      | Bought a scroll of identify for 26 gold pieces
  5449 | D:6      | Bought a scroll of fear for 52 gold pieces
  5449 | D:6      | Bought a scroll of blinking for 97 gold pieces
  5802 | D:6      | Found a sand-covered staircase.
  5811 | Ossuary  | Entered an ossuary
  5880 | Ossuary  | Reached ** piety under Zin
  6447 | Ossuary  | Reached XP level 9. HP: 73/73 MP: 14/14
  6498 | Ossuary  | Identified a scroll of acquirement
  6500 | Ossuary  | Acquired the +10 war axe of the Firefly {flame, Will+
                  | Dex+3}
  6663 | D:6      | Found a large runed translucent door.
  6664 | D:6      | Found a large runed translucent door.
  6914 | D:6      | Reached *** piety under Zin
  6915 | D:6      | Found a radiant altar of Vehumet.
  6923 | D:6      | Found a glowing golden altar of the Shining One.
  6994 | D:6      | Found a hide-covered altar of Uskayaw.
  7596 | D:7      | Found an ancient bone altar of Kikubaaqudgha.
  7597 | D:7      | Found a sacrificial altar of Ru.
  7687 | D:7      | Reached skill level 5 in Invocations
  7957 | D:7      | Reached skill level 5 in Short Blades
  7957 | D:7      | Reached skill level 5 in Long Blades
  7957 | D:7      | Reached skill level 5 in Maces & Flails
  7957 | D:7      | Reached skill level 5 in Polearms
  7957 | D:7      | Reached skill level 5 in Staves
  7957 | D:7      | Reached skill level 5 in Ranged Weapons
  7957 | D:7      | Reached skill level 5 in Throwing
  7957 | D:7      | Reached skill level 5 in Dodging
  7957 | D:7      | Reached skill level 5 in Stealth
  7957 | D:7      | Reached skill level 5 in Unarmed Combat
  7957 | D:7      | Reached skill level 5 in Spellcasting
  7957 | D:7      | Reached skill level 5 in Evocations
  7957 | D:7      | Reached XP level 10. HP: 79/81 MP: 17/17
  7975 | D:7      | Noticed a cyclops
  7988 | D:7      | Killed a cyclops
  8242 | D:7      | Found a sparkling altar of Nemelex Xobeh.
  8439 | D:8      | Found a staircase to the Lair.
  8476 | D:7      | HP: 2/82 [troll (7)]
  8810 | D:8      | Noticed Prince Ribbit
  8824 | D:8      | Killed Prince Ribbit
  9116 | D:8      | Reached skill level 5 in Conjurations
  9116 | D:8      | Reached skill level 5 in Hexes
  9116 | D:8      | Reached skill level 5 in Summonings
  9116 | D:8      | Reached skill level 5 in Necromancy
  9116 | D:8      | Reached skill level 5 in Translocations
  9116 | D:8      | Reached skill level 5 in Transmutations
  9116 | D:8      | Reached skill level 5 in Fire Magic
  9116 | D:8      | Reached skill level 5 in Ice Magic
  9116 | D:8      | Reached skill level 5 in Air Magic
  9116 | D:8      | Reached skill level 5 in Earth Magic
  9116 | D:8      | Reached skill level 5 in Poison Magic
  9338 | D:8      | Reached **** piety under Zin
  9359 | D:8      | Reached XP level 11. HP: 83/89 MP: 20/20
 10075 | D:9      | Slain by a hornet simulacrum

Illustrated notes

Levels and vault maps discovered:
D:1:      amcnicky_arrival_single_pillar, layout_loops_ring, serial_shops,
          nicolae_shop_statue_plus, serial_bayou_pond_d, minivault_26
D:2:      layout_basic
D:3:      layout_rooms, gammafunk_ghost_arena, uniq_natasha
D:4:      layout_loops_cross, serial_bayou_ford_a, minmay_cupped, uniq_duvessa,
          uniq_grinder
D:5:      layout_cave_pools, marbit_many_paths, temple_statues,
          amcnicky_mini_pool_small, kennysheep_doodads
D:6:      layout_basic, nicolae_uskayaw_dance_studio, jmf_multi_god_temple2,
          gup_ossuary_entry_pyramid, serial_shops, nicolae_shop_hallway_plus
D:7:      layout_cave_pools, mainiacjoe_overflow_24_doors,
          gammafunk_temple_overflow_statue, nzn_random_ring
D:8:      layout_basic, erik_lair_island, minmay_misc_feat_more_columns,
          uniq_prince_ribbit1
D:9:      layout_rooms, gammafunk_temple_overflow_pools, serial_ice,
          serial_ice_c, serial_ice_b, serial_ice_d, serial_ice_a, serial_ice_l,
          serial_ice_n, serial_ice_f
Temple:   nicolae_temple_figure_eight

Skill      XL: |  1  2  3  4  5  6  7  8  9 10 |
---------------+-------------------------------+-----
Invocations    | 1 2 3 4 5 6 |  6.7
Short Blades   | 1 2 3 5 6 |  6.1
Long Blades    | 1 2 3 5 6 |  6.1
Maces & Flails | 1 2 3 5 6 |  6.1
Polearms       | 1 2 3 5 6 |  6.1
Staves         | 1 2 3 5 6 |  6.1
Ranged Weapons | 1 2 3 5 6 |  6.1
Throwing       | 1 2 3 5 6 |  6.1
Dodging        | 1 2 3 5 6 |  6.1
Stealth        | 1 2 3 5 6 |  6.1
Unarmed Combat | 1 2 3 5 6 |  6.1
Spellcasting   | 1 2 3 5 6 |  6.1
Evocations     | 1 2 3 5 6 |  6.1
Conjurations   | 1 2 3 4 5 |  5.1
Hexes          | 1 2 3 4 5 |  5.1
Summonings     | 1 2 3 4 5 |  5.1
Necromancy     | 1 2 3 4 5 |  5.1
Translocations | 1 2 3 4 5 |  5.1
Transmutations | 1 2 3 4 5 |  5.1
Fire Magic     | 1 2 3 4 5 |  5.1
Ice Magic      | 1 2 3 4 5 |  5.1
Air Magic      | 1 2 3 4 5 |  5.1
Earth Magic    | 1 2 3 4 5 |  5.1
Poison Magic   | 1 2 3 4 5 |  5.1
Axes           | 5 6 7 |  7.7
Fighting       | 7 8 9 |  9.1
Armour         | 7 8 9 |  9.1
Shields        | 7 8 9 |  9.1

Action                   |  1- 3 |  4- 6 |  7- 9 | 10-12 || total
-------------------------+-------+-------+-------+-------++-------
Melee: War axe           |    86 |   130 |   363 |    94 ||   673
       Bite              |     3 |    17 |    36 |     7 ||    63
Evoke: Wand              |       |       |     2 |       ||     2
  Use: Potion            |       |     1 |     1 |     2 ||     4
       Scroll            |       |       |    12 |     2 ||    14
 Stab: Sleeping          |       |       |     7 |       ||     7
       Distracted        |       |       |       |     2 ||     2
Armor: Scale mail        |     7 |       |       |       ||     7
       Ring mail         |    25 |    58 |   107 |    46 ||   236
Dodge: Dodged            |    34 |    78 |   143 |    78 ||   333
Block: Buckler           |    14 |    38 |   140 |    95 ||   287
       Reflection        |       |       |     3 |     7 ||    10
